 Dungeon Crawl Stone Soup version 0.29-a0-19-gef7f3e67aa (webtiles) character file.

Game seed: 10457074470054390414

1 Lekart the Skirmisher (level 1, -10/19 HPs)
             Began as a Draconian Chaos Knight on Jan 29, 2022.
             Was a Plaything of Xom.
             Mangled by a two-headed ogre (glowing shapeshifter) (11 damage)
             ... on level 1 of the Dungeon.
             The game lasted 00:00:44 (98 turns).

Lekart the Skirmisher (Draconian Chaos Knight)        Turns: 98, Time: 00:00:45

Health: -10/19     AC:  4    Str: 14    XL:     1   Next: 16%
Magic:  1/1        EV: 12    Int: 12    God:    Xom [..*...]
Gold:   0          SH:  0    Dex: 10    Spells: 0/0 levels left

rFire   . . .      SeeInvis .   a - +0 short sword (chaos)
rCold   . . .      Faith    .   (no shield)
rNeg    . . .      Spirit   .   (armour unavailable)
rPois   .          Reflect  .   (helmet restricted)
rElec   .          Harm     .   (no cloak)
rCorr   .          Rampage  .   (no gloves)
Will    .....                   (no boots)
Stlth   +.........              (no amulet)
HPRegen 0.06/turn               (no ring)
MPRegen 0.07/turn               (no ring)

@: brilliant
A: AC +4, unfitting armour, cold-blooded
a: Renounce Religion


You were on level 1 of the Dungeon.
You worshipped Xom.
You were a toy of Xom.
You visited 1 branch of the dungeon, and saw 1 of its levels.

Inventory:

Hand Weapons
 a - a +0 short sword of chaos (weapon)


   Skills:
 + Level 3.3 Fighting
 + Level 3.0 Short Blades
 + Level 2.1 Dodging


You couldn't memorise any spells.
You didn't know any spells.
Your spell library was empty.

Dungeon Overview and Level Annotations

Branches:
Dungeon (1/15)

Altars:


Innate Abilities, Weirdness & Mutations

Your plain brown scales are hard. (AC +4)
You cannot fit into any form of body armour.
You are cold-blooded and may be slowed by cold attacks.


Message History

The endoplasm changes into a glowing shapeshifter!
Xom is highly amused!
The glowing shapeshifter is heavily wounded.
The glowing shapeshifter changes into a glowing orange brain!
You hit the glowing orange brain. You freeze the glowing orange brain.
Your tail-slap misses the glowing orange brain.
The glowing orange brain is moderately wounded. "Go forth and destroy!"
You feel clever all of a sudden.
You barely miss the glowing orange brain.
The glowing orange brain is moderately wounded.
The glowing orange brain changes into a dream sheep!
You hit the dream sheep but do no damage.
You tail-slap the dream sheep.
The dream sheep is moderately wounded.
The dream sheep bites you!
Ouch! That really hurt!
Xom is highly amused!
You are too injured to fight recklessly!
You are too injured to fight recklessly!
You closely miss the dream sheep. You tail-slap the dream sheep.
The dream sheep is heavily wounded.
The dream sheep changes into an eye of devastation!
You hit the eye of devastation.
The eye of devastation resists with almost no effort.
The eye of devastation is lightly wounded.
The eye of devastation changes into a two-headed ogre!
You hit the two-headed ogre but do no damage.
The two-headed ogre seems to speed up.
The two-headed ogre hits you.
* * * LOW HITPOINT WARNING * * *
The two-headed ogre hits you but does no damage.
You closely miss the two-headed ogre. The two-headed ogre barely misses you.
The two-headed ogre hits you.
* * * LOW HITPOINT WARNING * * *
Xom thinks this is hilarious!
You aren't carrying any potions.
You barely miss the two-headed ogre. The two-headed ogre hits you!
Ouch! That really hurt!
You die...
Xom roars with laughter!

♣♣.♣♣##..........
#♣...♣#....)......
#..♣..#....####...
#♣...♣#..†.###. ..
######......... #
####......#^###
###........##.#
..............#
.......@....###
......:O#..##
..............
.............##
.....!........#
.............[.
..............#
.......#######


You could see a two-headed ogre shaped shifter (fast).

Vanquished Creatures
  A ball python (D:1)
  A rat (D:1)
2 creatures vanquished.

Notes
Turn   | Place    | Note
-------+----------+-------------------------------------------
     0 | D:1      | Lekart the Draconian Chaos Knight began the quest for the
                  | Orb.
     0 | D:1      | Reached XP level 1. HP: 19/19 MP: 1/1
    90 | D:1      | Noticed a glowing shapeshifter
    90 | D:1      | an endoplasm changed into a glowing shapeshifter
    90 | D:1      | Noticed a glowing orange brain
    90 | D:1      | a glowing shapeshifter changed into a glowing orange brain
    91 | D:1      | XOM: potion effect (brilliance)
    92 | D:1      | Noticed a dream sheep
    92 | D:1      | a glowing orange brain changed into a dream sheep
    94 | D:1      | Noticed an eye of devastation
    94 | D:1      | a dream sheep changed into an eye of devastation
    95 | D:1      | Noticed a two-headed ogre
    95 | D:1      | an eye of devastation changed into a two-headed ogre
    98 | D:1      | Mangled by a two-headed ogre (glowing shapeshifter)

Illustrated notes

Levels and vault maps discovered:
D:1:      dpeg_arrival_round_b, layout_rooms, chequers_hall_statues_wall_a,
          serial_bayou_lagoon_a, minmay_hedge_maze, chequers_arboretum

Action                   || total
-------------------------++-------
Melee: Short sword       ||    11
       Tailslap          ||     2
Armor: Skin              ||     1
Dodge: Dodged            ||     2

Table legend: (Time is in decaauts)
 A = Elapsed time spent in this place.
 B = Non-inter-level travel time spent in this place.
 C = Inter-level travel time spent in this place.
 D = Time resting spent in this place.
 E = Time spent auto-exploring this place.
 F = Levels seen in this place.
 G = Mean time per level.
                   A        B        C        D        E       F      G
               +--------+--------+--------+--------+--------+-----+--------+
         Total |     97 |     97 |      0 |      0 |     76 |   1 |   97.0 |
       Dungeon |     97 |     97 |      0 |      0 |     76 |   1 |   97.0 |
               +--------+--------+--------+--------+--------+-----+--------+

Top non-repeatable levels by time:
     D:1: 97 daAuts
